 Dungeon Crawl Stone Soup version 0.31.0-1-g2c135a0 (webtiles) character file.

Game seed: 13775207374290578781

1224 PublicAnimeNo1 the Ruffian (level 8, -3/78 HPs)
             Began as a Troll Shapeshifter on Jan 23, 2024.
             Was an Initiate of Yredelemnul.
             Slain by an unseen horror (10 damage)
             ... on level 7 of the Dungeon.
             The game lasted 00:06:26 (2482 turns).

PublicAnimeNo1 the Ruffian (Troll Shapeshifter)     Turns: 2482, Time: 00:06:27

Health: -3/78      AC:  5    Str: 25    XL:     8   Next: 23%
Magic:  7/7        EV:  9    Int:  6    God:    Yredelemnul [......]
Gold:   213        SH:  0    Dex:  9    Spells: 7/7 levels left

rFire   . .          .
                       - Unarmed
rCold   + . .        (no shield)
rNeg    . . .        b - +1 robe {rC+}
rPois   .            (helmet currently unavailable)
rElec   .            (cloak currently unavailable)
rCorr   .            (gloves unavailable)
SInv    .            (boots unavailable)
Will    .....        (no amulet)
Stlth   +            (no ring)
HPRegen 1.13/turn    (no ring)
MPRegen 0.10/turn

%: no passive effects
@: beast-form
A: beast (slay +3), large, unfitting armour, claws 3, regeneration 1, shaggy fur
1, tough skin 1
a: Begin Untransformation, Renounce Religion, Recall Undead Harvest


You were on level 7 of the Dungeon.
You worshipped Yredelemnul.
Yredelemnul was noncommittal.
You were a hulking beast.
You visited 1 branch of the dungeon, and saw 5 of its levels.

You collected 213 gold pieces.

Inventory:

Missiles
 n - 4 throwing nets (quivered)
Armour
 a - a +1 animal skin
 b - a +1 robe of cold resistance (worn)
Talismans
 c - a beast talisman
 d - a flux talisman
 f - a serpent talisman
Wands
 k - a wand of polymorph (10)
Scrolls
 e - a scroll of enchant armour
 g - 3 scrolls of enchant weapon
 i - 2 scrolls of identify
 o - a scroll of blinking
Potions
 h - a potion of haste
 j - 2 potions of attraction
 l - a potion of brilliance


   Skills:
 + Level 4.0 Fighting
 - Level 1.5 Dodging
 * Level 7.6 Unarmed Combat
 + Level 5.4 Shapeshifting


You had 7 spell levels left.
You didn't know any spells.
Your spell library contained the following spells:

 Spells                   Type           Power      Damage    Failure   Level
 Magic Dart               Conj           0%         1d3       45%         1
 Blink                    Tloc           0%         N/A       58%         2
 Call Imp                 Summ           0%         N/A       58%         2
 Sublimation of Blood     Necr           0%         N/A       58%         2
 Summon Ice Beast         Ice/Summ       0%         N/A       83%         3
 Summon Mana Viper        Hex/Summ       0%         N/A       100%        5
 Monstrous Menagerie      Summ           0%         N/A       100%        7
 Summon Hydra             Summ           0%         N/A       100%        7


Dungeon Overview and Level Annotations

Branches:
Dungeon (4/15)
 Temple: D:4-7

Altars:
Ashenzari
Fedhas
Uskayaw
Vehumet
Yredelemnul


Innate Abilities, Weirdness & Mutations

You are a hulking beast.
Your limbs bulge with bestial killing power. (Slay +3)
You are too large for most types of armour.
You have claws for hands.
Your natural rate of healing is unusually fast.
You are covered in fur. (AC +1)
You have tough skin. (AC +1)


Message History

Something barely misses your scorpion zombie.
Something hits your scorpion zombie! Something hits your scorpion zombie.
Something hits your scorpion zombie! Something hits your scorpion zombie.
Your scorpion zombie is destroyed!
Something hits you! Something hits you. Something hits you. Something hits you.
Something hits you but does no damage. Something hits you. Something hits you.
* * * LOW HITPOINT WARNING * * *
Something hits you but does no damage. Something hits you but does no damage.
You miss something. Something hits you but does no damage.
The bullfrog hits you.
* * * LOW HITPOINT WARNING * * *
You claw the bullfrog!
The bullfrog is severely wounded.
Something hits you!
* * * LOW HITPOINT WARNING * * *
The bullfrog closely misses you.
You barely miss the bullfrog.
The bullfrog is severely wounded.
Something hits you.
* * * LOW HITPOINT WARNING * * *
The bullfrog hits you but does no damage.
You mangle the bullfrog!!
You kill the bullfrog!
The dead are hopping!
Something hits you but does no damage.
Your Fighting skill increases to level 4!
You miss something. Something completely misses you. Something hits you.
* * * LOW HITPOINT WARNING * * *
Something hits you.
* * * LOW HITPOINT WARNING * * *
You closely miss something. Something hits you.
* * * LOW HITPOINT WARNING * * *
Something hits you!
You die...
Your body rises from the dead as a mindless zombie.

........#)......#...#
##.....
......#.##$....##...#
##### ........###$.)#
#...# ......#.######
#...#
..<..........####...#
.....##.#......##...+
......#.##.....##...#
......#.##.....Z#...#
........####....h...#
........# ##########
......... [#.##.###
...... .....# ... ...
###


You could see a friendly bullfrog zombie.

Vanquished Creatures
  Sigmund (D:3)
  A wraith (D:7)
  A centaur (D:7)
  2 bullfrogs (D:7)
  A scorpion (D:7)
  5 wights (D:7)
  4 killer bees (D:7)
  A sleepcap (D:7)
  Jessica (D:2)
  Robin (D:3)
  8 adders
  A gnoll (D:1)
  A ribbon worm (D:3)
  A dart slug (D:1)
  3 bats
  7 endoplasms
  2 giant cockroaches (D:1)
  12 goblins
  4 hobgoblins
  4 jackals (D:1)
  6 kobolds
  4 quokkas
  5 ball pythons
  6 frilled lizards
  9 rats
91 creatures vanquished.

Vanquished Creatures (others)
  A scorpion zombie (D:7)
  A killer bee zombie (D:7)
2 creatures vanquished.

Grand Total: 93 creatures vanquished

Notes
Turn   | Place    | Note
-------+----------+-------------------------------------------
     0 | D:1      | PublicAnimeNo1 the Troll Shapeshifter began the quest for
                  | the Orb.
     0 | D:1      | Reached XP level 1. HP: 18/18 MP: 0/0
   256 | D:1      | Reached skill level 1 in Fighting
   272 | D:1      | Reached XP level 2. HP: 27/27 MP: 1/1
   473 | D:1      | Reached XP level 3. HP: 33/33 MP: 2/2
   846 | D:2      | Reached skill level 4 in Unarmed Combat
   888 | D:2      | Reached XP level 4. HP: 41/41 MP: 3/3
  1057 | D:2      | Noticed Jessica
  1065 | D:2      | Killed Jessica
  1437 | D:3      | Reached XP level 5. HP: 49/49 MP: 4/4
  1468 | D:3      | Noticed Sigmund
  1485 | D:3      | Noticed Robin
  1492 | D:3      | Killed Sigmund
  1493 | D:3      | Reached skill level 5 in Unarmed Combat
  1493 | D:3      | Reached XP level 6. HP: 56/59 MP: 5/5
  1499 | D:3      | Killed Robin
  1964 | D:3      | Found a blossoming altar of Fedhas.
  1966 | D:3      | Found a hide-covered altar of Uskayaw.
  1968 | D:3      | Found a broken altar of Ashenzari.
  1970 | D:3      | Found a basalt altar of Yredelemnul.
  1974 | D:3      | Found a radiant altar of Vehumet.
  2183 | D:3      | Became a worshipper of Yredelemnul the Dark
  2231 | D:4      | You fall into a shaft and drop 3 floors!
  2312 | D:7      | Reached skill level 6 in Unarmed Combat
  2312 | D:7      | Reached XP level 7. HP: 63/67 MP: 6/6
  2379 | D:7      | Noticed a wraith
  2396 | D:7      | Killed a wraith
  2397 | D:7      | Reached skill level 7 in Unarmed Combat
  2397 | D:7      | Reached skill level 5 in Shapeshifting
  2411 | D:7      | Reached XP level 8. HP: 17/78 MP: 7/7
  2412 | D:7      | HP: 3/78 [killer bee (7)]
  2417 | D:7      | HP: 2/78 [poisoned by a killer bee]
  2482 | D:7      | Slain by an unseen horror

Illustrated notes

Levels and vault maps discovered:
D:1:      dpeg_arrival_chambers_temple_mockup, layout_basic
D:2:      layout_loops_ring, minmay_pentomino_u4, uniq_jessica
D:3:      minmay_skewed_foursquare, layout_loops_ring, minitemple,
          chequers_serial_rivers_room_a, minmay_misc_feat_plants,
          solitary_fountain, uniq_robin, uniq_sigmund
D:4:      layout_loops_corners, minmay_temple_entry_slanted,
          minmay_misc_feat_chi, uniq_duvessa
D:7:      minmay_opposing_rooms, layout_basic, serial_glass, glass_columns_a,
          glass_columns_c, enter_bailey_5

Skill      XL: |  1  2  3  4  5  6  7  8 |
---------------+-------------------------+-----
Fighting       | 1 2 3 4 |  4.0
Unarmed Combat | 4 5 6 7 |  7.6
Shapeshifting  | 4 5 |  5.4
Dodging        | |  1.5

Action                     |  1- 3 |  4- 6 |  7- 9 || total
---------------------------+-------+-------+-------++-------
  Melee: Unarmed           |    87 |   110 |    47 ||   244
         Punch             |     1 |     2 |       ||     3
    Use: Scroll            |       |    11 |       ||    11
         Potion            |       |     1 |     2 ||     3
   Stab: Sleeping          |     1 |       |       ||     1
 Armour: Animal skin       |    48 |    31 |       ||    79
         Skin              |       |    30 |       ||    30
         Robe              |       |    22 |    63 ||    85
  Dodge: Dodged            |    23 |    47 |    23 ||    93
